AoeStats
← |TheCore| MADKILLER!!!

Arena

508511411Analyzed
4v4 RM · 9d ago on Sep 22, 2026· 45m 9s· 8 players
Game mode
Random Map
Map size
Large (8 player)
Population
200
Speed
Normal
Resources
Standard
Victory
Conquest
Starting age
Dark Age
Ending age
Imperial Age
RankedLock teamsTeams togetherTeam positionsShared explorationLock speedFull tech treeHidden civsTurbo modeCheats
Victory
Defeat
🇮🇹 Persians · Italy
1634
+10
🇮🇹 Britons · Italy
1539
+14
🇳🇿 Varangians · New Zealand
1506
+15
🇮🇹 Teutons · Italy
1310
+24
🇺🇸 Japanese · United States
1511
-17
🇹🇷 Varangians · Türkiye
1493
-16
🇺🇸 Danes · United States
1491
-16
🇲🇽 Romans · Mexico
1447
-14
YuF
11:28 Feudal Age
12:16 Double-Bit Axe
14:53 Castle Age
12:56 Horse Collar
14:16 Wheelbarrow
15:46 Heavy Plow
16:03 Bow Saw
25:52 Fletching
26:41 Hand Cart
27:40 Bodkin Arrow
30:54 Imperial Age
28:14 Town Watch
28:15 Loom
28:38 Squires
28:00 Man-at-Arms
28:42 Scale Mail Armor
28:54 Forging
29:04 Gold Mining
30:01 Chain Mail Armor
30:22 Iron Casting
29:51 Husbandry
30:02 Bloodlines
30:52 Gold Shaft Mining
30:10 Stone Mining
30:58 Town Patrol
30:56 Long Swordsman
31:54 Siege Engineers
32:02 Masonry
31:20 Capped Ram
32:28 Comitatenses
33:38 Blast Furnace
32:00 Legionary
33:04 Conscription
32:57 Siege Ram
34:24 Scale Barding Armor
36:18 Chain Barding Armor
35:20 Elite Centurion
37:12 Chemistry
36:28 Guilds
38:10 Crop Rotation
38:20 Ballistics
39:59 Architecture
42:03 Plate Barding Armor
42:20 Fortified Wall
42:16 Heavy Scorpion
43:06 Ballistas
qwer
8:36 Feudal Age
7:39 Loom
11:14 Fletching
12:04 Double-Bit Axe
20:00 Castle Age
18:20 Horse Collar
26:01 Wheelbarrow
26:01 Bow Saw
26:11 Gold Mining
27:19 Hand Cart
27:28 Heavy Plow
29:21 Gold Shaft Mining
32:00 Imperial Age
29:52 Scale Mail Armor
29:46 Stone Mining
30:31 Forging
29:48 Pikeman
30:48 Squires
31:33 Chain Mail Armor
32:23 Iron Casting
32:10 Guard Tower
32:16 Bodkin Arrow
32:03 Halberdier
33:54 Plate Mail Armor
33:52 Conscription
33:48 Onager
37:45 Kataparuto
39:23 Chemistry
38:28 Bracer
40:55 Two-Man Saw
40:51 Keep
39:52 Elite Skirmisher
41:00 Padded Archer Armor
41:24 Thumb Ring
43:04 Leather Archer Armor
43:50 Blast Furnace
43:39 Ballistics
43:25 Siege Engineers
43:08 Town Watch
|TheCore| MADKILLER!!!
10:01 Feudal Age
11:13 Double-Bit Axe
14:01 Castle Age
13:19 Horse Collar
15:15 Bow Saw
19:42 Heavy Plow
21:42 Wheelbarrow
21:18 Stone Mining
22:54 Gold Mining
22:52 Town Watch
22:52 Loom
24:18 Hand Cart
26:05 Town Patrol
29:12 Imperial Age
27:27 Gold Shaft Mining
27:29 Stone Shaft Mining
27:12 Scale Mail Armor
27:22 Forging
27:31 Hamask
28:13 Fletching
28:24 Padded Archer Armor
28:22 Elite Skirmisher
29:08 Thumb Ring
29:35 Bodkin Arrow
29:57 Chain Mail Armor
30:18 Iron Casting
30:26 Leather Archer Armor
30:46 Conscription
30:37 Bracer
31:40 Ring Archer Armor
31:35 Elite Varangian Guard
33:59 Plate Mail Armor
34:04 Iron Casting
35:54 Chemistry
35:14 Ballistics
38:04 Pikeman
38:44 Squires
38:29 Arson
39:24 Iron Casting
LonzoWall
9:57 Feudal Age
13:58 Castle Age
12:50 Double-Bit Axe
12:46 Horse Collar
15:58 Bow Saw
19:48 Loom
20:44 Wheelbarrow
20:59 Heavy Plow
22:10 Gold Mining
24:16 Stone Mining
27:52 Imperial Age
26:06 Husbandry
26:26 Scale Barding Armor
26:35 Bloodlines
27:07 Forging
26:58 Loom
27:30 Hand Cart
29:04 Conscription
29:36 Chain Barding Armor
29:58 Coinage
30:49 Iron Casting
30:27 Elite Jarl
32:23 Plate Barding Armor
34:25 Ballistics
35:05 Chemistry
37:05 Blast Furnace
38:29 Caravan
Vanhelsing7137
11:32 Feudal Age
15:57 Castle Age
14:37 Double-Bit Axe
14:34 Horse Collar
22:00 Wheelbarrow
22:11 Wheelbarrow
23:08 Hand Cart
23:08 Bow Saw
28:49 Imperial Age
29:18 Scale Mail Armor
29:28 Forging
30:08 Ballistics
29:56 Loom
30:08 Gold Mining
30:12 Stone Mining
30:23 Onager
30:42 Pikeman
31:22 Squires
33:13 Chain Mail Armor
33:34 Iron Casting
34:29 Chemistry
34:44 Plate Mail Armor
34:12 Halberdier
37:10 Conscription
37:13 Ironclad
37:14 Crenellations
37:35 Elite Teutonic Knight
42:37 Arson
43:54 Blast Furnace
JayJayNico
7:37 Loom
9:54 Feudal Age
11:59 Fletching
17:01 Castle Age
15:17 Double-Bit Axe
17:10 Horse Collar
21:07 Arson
22:37 Bow Saw
24:02 Wheelbarrow
23:55 Scale Mail Armor
24:05 Squires
25:08 Stone Mining
25:19 Gold Mining
31:41 Imperial Age
29:41 Hand Cart
30:20 Chain Mail Armor
30:16 Forging
30:23 Heavy Plow
30:31 Town Watch
33:34 Bloodlines
33:24 Husbandry
32:46 Cavalier
35:41 Iron Casting
35:33 Scale Barding Armor
36:39 Stone Shaft Mining
35:35 Elite Jarl
38:09 Blast Furnace
37:29 Chain Barding Armor
38:04 Conscription
38:23 Chain Barding Armor
39:45 Plate Barding Armor
40:00 Fortified Wall
40:01 Bodkin Arrow
40:30 Ballistics
40:49 Masonry
42:00 Bracer
43:51 Architecture
43:48 Ballistics
45:44 Caravan
Zoccolo Fitusu
11:12 Feudal Age
12:47 Double-Bit Axe
15:03 Castle Age
13:10 Horse Collar
14:31 Wheelbarrow
15:54 Bow Saw
15:45 Heavy Plow
23:21 Loom
23:55 Hand Cart
24:17 Gold Mining
24:19 Stone Mining
24:51 Scale Barding Armor
24:51 Town Watch
25:19 Forging
25:47 Gold Shaft Mining
28:42 Imperial Age
26:19 Husbandry
26:35 Bloodlines
27:29 Chain Barding Armor
27:50 Iron Casting
28:34 Cavalier
29:57 Plate Barding Armor
30:43 Blast Furnace
30:47 Chemistry
30:12 Conscription
30:37 Savar
32:31 Crop Rotation
33:07 Two-Man Saw
33:24 Fletching
33:36 Padded Archer Armor
34:19 Bodkin Arrow
36:20 Murder Holes
38:03 Leather Archer Armor
38:39 Ballistics
38:42 Masonry
40:16 Ring Archer Armor
40:23 Stone Shaft Mining
40:00 Light Cavalry
40:59 Hussar
44:26 Caravan
Evol_
11:35 Feudal Age
12:31 Double-Bit Axe
15:20 Castle Age
13:17 Horse Collar
16:18 Bow Saw
18:22 Heavy Plow
19:22 Wheelbarrow
22:11 Loom
22:34 Gold Mining
27:14 Imperial Age
24:37 Fletching
25:50 Bodkin Arrow
25:56 Padded Archer Armor
27:30 Ballistics
27:53 Leather Archer Armor
28:14 Bracer
29:30 Chemistry
29:49 Conscription
31:23 Ring Archer Armor
31:35 Elite Longbowman
36:28 Yeomen
38:19 Coinage
38:00 Guilds
37:50 Caravan
39:59 Warwolf
Connection lost

Rejoining the realm…

Still unreachable

The connection could not be restored.

Session expired

The server has moved on; the page needs a fresh start.